 Dungeon Crawl Stone Soup version 0.29-a0-648-g6b26cc9 (webtiles) character file.

Game seed: 16624225364396246502

8 Dawnplanks the Ruffian (level 2, 28/28 HPs)
             Began as a Troll Gladiator on June 20, 2022.
             Quit the game on level 2 of the Dungeon.
             The game lasted 00:00:45 (801 turns).

Dawnplanks the Ruffian (Troll Gladiator)             Turns: 801, Time: 00:00:45

Health: 28/28      AC:  4    Str: 21    XL:     2   Next: 0%
Magic:  1/1        EV: 10    Int:  4    God:
Gold:   47         SH:  0    Dex: 11    Spells: 1/1 levels left

rFire   . . .      SeeInvis .     - Unarmed
rCold   . . .      Faith    .   (no shield)
rNeg    . . .      Spirit   .   a - +0 robe
rPois   .          Reflect  .   b - +0 hat
rElec   .          Harm     .   (no cloak)
rCorr   .          Rampage  .   (gloves unavailable)
Will    .....                   (boots unavailable)
Stlth   +.........              (no amulet)
HPRegen 0.89/turn               (no ring)
MPRegen 0.07/turn               (no ring)

@: no status effects
A: large, unfitting armour, claws 3, regeneration 1, shaggy fur 1, tough skin 1
a: no special abilities


You were on level 2 of the Dungeon.
You visited 1 branch of the dungeon, and saw 2 of its levels.

You collected 47 gold pieces.

Inventory:

Missiles
 c - 3 throwing nets (quivered)
 d - a large rock
Armour
 a - a +0 robe (worn)
 b - a +0 hat (worn)
Scrolls
 f - 2 scrolls of teleportation {unknown}
 g - a scroll of identify {unknown}
 h - a scroll of enchant weapon {unknown}
Potions
 e - 2 potions of curing {unknown}
 i - a potion of flight {unknown}


   Skills:
 + Level 1.7 Fighting
 + Level 1.8 Throwing
 + Level 2.6 Dodging
 + Level 3.2 Unarmed Combat


You had one spell level left.
You didn't know any spells.
Your spell library was empty.

Dungeon Overview and Level Annotations

Branches:
Dungeon (2/15)

Altars:
Xom


Innate Abilities, Weirdness & Mutations

You are too large for most types of armour.
You have claws for hands.
Your natural rate of healing is unusually fast.
You are covered in fur. (AC +1)
You have tough skin. (AC +1)


Message History

There is a stone staircase leading down here.
A ball python comes into view.
You closely miss the ball python.
The ball python bites you but does no damage.
You claw the ball python!
You kill the ball python!
No target in view!
You now have 33 gold pieces (gained 15).
A bat comes into view.
The bat hits you but does no damage.
You miss the bat. The bat hits you. The bat barely misses you.
You barely miss the bat. The bat hits you but does no damage.
The bat barely misses you. The bat barely misses you.
You barely miss the bat. The bat hits you but does no damage. x2
The bat closely misses you.
You scratch the bat.
You kill the bat!
You have reached level 2!
Found a stone staircase leading down.
There is a stone staircase leading down here.
You now have 41 gold pieces (gained 8).
Done exploring.
Done exploring.
(D) Dungeon
Where to? (? - help)
What level of the Dungeon? (default 1, ? - help)
There is a stone staircase leading down here.
You climb downwards.
There is a stone staircase leading up here.
You now have 47 gold pieces (gained 6).
Found a hand axe.
Found a shimmering altar of Xom.
e - 2 pink potions (gained 1)
i - a black potion You open the door.
There is an open door here.
Key pressed, stopping explore.
Are you sure you want to abandon this character and quit the game? (Confirm with "yes".)

#'#########....#
#.# #....# #.#
#....# #.#
###### #.# #.#
#### #.######
#.. #......# #.#
######.# #@#
#.#########.#
#...........#
#.#########.#
### ###


There were no monsters in sight!

Vanquished Creatures
  3 hobgoblins (D:1)
  A kobold (D:1)
  A quokka (D:1)
  A ball python (D:1)
  A bat (D:1)
7 creatures vanquished.

Notes
Turn   | Place    | Note
-------+----------+-------------------------------------------
     0 | D:1      | Dawnplanks the Troll Gladiator began the quest for the Orb.
     0 | D:1      | Reached XP level 1. HP: 19/19 MP: 0/0
   583 | D:1      | Reached XP level 2. HP: 28/28 MP: 1/1
   757 | D:2      | Found a shimmering altar of Xom.
   801 | D:2      | Quit the game

Illustrated notes

Levels and vault maps discovered:
D:1:      psy_arrival_basics, layout_basic
D:2:      layout_basic, hellmonk_ecumenical_altar_blasted, basic_altar

Action                   || total
-------------------------++-------
Melee: Unarmed           ||    20
Armor: Robe              ||    11
Dodge: Dodged            ||     8

Table legend: (Time is in decaauts)
 A = Elapsed time spent in this place.
 B = Non-inter-level travel time spent in this place.
 C = Inter-level travel time spent in this place.
 D = Time resting spent in this place.
 E = Time spent auto-exploring this place.
 F = Levels seen in this place.
 G = Mean time per level.
                   A        B        C        D        E       F      G
               +--------+--------+--------+--------+--------+-----+--------+
         Total |    799 |    779 |     20 |      0 |    727 |   2 |  399.5 |
       Dungeon |    799 |    779 |     20 |      0 |    727 |   2 |  399.5 |
               +--------+--------+--------+--------+--------+-----+--------+

Top non-repeatable levels by time:
     D:1: 726 daAuts
     D:2: 73 daAuts
